Ottawa Senators vs Philadelphia Flyers

Created - mardi 27 novembre 2018 at 19:00

Goals
1 2 3 T
Ottawa Senators 0 1 4 5
Philadelphia Flyers 1 0 3 4
Shots
1 2 3 T
Ottawa Senators 5 9 21 35
Philadelphia Flyers 8 8 16 32

1st period

1. Philadelphia Flyers , Michael Raffl 5 (Nolan Patrick 9) at 6:32

Penalties :
Christopher DiDomenico (OTT) for High sticking (Minor) at 9:46

2nd period

2. Ottawa Senators , Dylan Larkin 11 (Nikita Kucherov 15, Mark Stone 12) at 18:02 (PP)

Penalties :
Brandon Manning (PHI) for Holding (Minor) at 0:45, Mark Borowiecki (PHI) for Boarding (Minor) at 16:40

3rd period

3. Ottawa Senators , Nikita Kucherov 8 (Michael Cammalleri 6, Sami Vatanen 4) at 1:26
4. Ottawa Senators , Jean-Gabriel Pageau 10 (Ryan Dzingel 6, Dion Phaneuf 6) at 2:44
5. Philadelphia Flyers , Michael Raffl 6 (Sean Couturier 16, Ivan Provorov 7) at 11:30 (SH)
6. Ottawa Senators , Jean-Gabriel Pageau 11 (Cody Ceci 8, Ryan Dzingel 7) at 13:18
7. Philadelphia Flyers , Brandon Sutter 10 (Robert Hagg 2) at 16:04
8. Philadelphia Flyers , Brenden Dillon 1 (Brandon Sutter 9) at 17:50
9. Ottawa Senators , Christopher DiDomenico 3 (Brandon Saad 8, Dylan Larkin 13) at 18:52

Penalties :
Travis Konecny (PHI) for Roughing (Minor) at 10:55, Dion Phaneuf (OTT) for Hooking (Minor) at 13:25

Goalie Stats

Ben Bishop (OTT), 28 saves from 32 shots - (0.875), W, 17-6-2, 60:00 minutes
Brian Elliott (PHI), 30 saves from 35 shots - (0.857), L, 2-3-0, 60:00 minutes

Players Stats for Ottawa Senators

Player Name              G  A  P  +/- PIM S  H  SB GA TA FO     MP     PP MP  PK MP  
------------------------------------------------------------------------------------
Brandon Saad             0  1  1   0  0   4  2  1  1  0  0/0    19:54   2:20   1:13 
Brayden Schenn           0  0  0   0  0   0  1  0  0  1  5/12   16:14   2:20   0:34 
Chris Wideman            0  0  0  -2  0   0  2  0  0  1  0/0    17:45   2:30   2:04 
Christopher DiDomenico   1  0  1   0  2   3  1  1  0  0  0/0    15:35   0:00   0:52 
Cody Ceci                0  1  1   1  0   3  3  3  0  1  0/0    23:54   0:00   2:15 
Dion Phaneuf             0  1  1   2  2   2  1  0  1  0  0/0    22:49   0:00   0:54 
Dylan Larkin             1  1  2  -1  0   4  4  0  0  0  10/20  19:22   3:00   0:16 
Erik Karlsson            0  0  0   0  0   0  0  0  2  0  0/0    20:25   2:50   1:54 
Jean-Gabriel Pageau      2  0  2   2  0   2  2  0  1  0  9/18   15:53   0:00   1:47 
Mark Stone               0  1  1  -1  0   1  2  0  1  0  0/3    15:36   3:00   0:00 
Michael Cammalleri       0  1  1  -1  0   0  1  0  0  0  7/12   10:47   0:00   1:37 
Nail Yakupov             0  0  0  -1  0   0  0  0  0  0  0/2     9:10   0:00   0:00 
Nathan Beaulieu          0  0  0   0  0   0  0  0  0  0  0/0     0:49   0:00   0:49 
Nikita Kucherov          1  1  2  -2  0   6  3  1  2  0  0/0    22:22   3:00   0:00 
Ryan Dzingel             0  2  2   2  0   5  1  0  0  0  0/0    18:03   2:20   1:37 
Sami Vatanen             0  1  1   1  0   2  1  0  0  1  0/0    18:48   2:50   0:00 
Thomas Chabot            0  0  0  -2  0   1  2  1  0  1  0/0    15:35   2:30   0:00 
Tyson Jost               0  0  0   2  0   2  1  1  0  1  0/0    12:59   0:00   0:00 

Players Stats for Philadelphia Flyers

Player Name              G  A  P  +/- PIM S  H  SB GA TA FO     MP     PP MP  PK MP  
------------------------------------------------------------------------------------
Brandon Manning          0  0  0  -2  2   1  0  0  0  1  0/0    17:56   1:33   0:55 
Brandon Sutter           1  1  2   1  0   3  1  0  0  1  9/14   16:11   0:00   2:42 
Brenden Dillon           1  0  1   2  0   1  2  3  0  2  0/0    18:02   0:00   2:38 
Brian Gionta             0  0  0   1  0   2  0  1  0  0  0/0    13:48   0:06   0:00 
Claude Giroux            0  0  0  -3  0   5  1  1  0  0  7/17   16:11   2:13   0:00 
Ivan Provorov            0  1  1  -1  0   3  2  0  1  0  0/0    22:58   2:25   2:42 
Jacob de la Rose         0  0  0   1  0   0  3  1  1  0  0/0    13:03   0:21   0:00 
Jakub Voracek            0  0  0  -3  0   5  1  0  1  1  0/0    14:57   1:45   0:00 
Mark Borowiecki          0  0  0   0  2   1  2  0  1  0  0/0    17:16   0:00   1:20 
Michael Raffl            2  0  2   2  0   2  2  0  0  0  0/2    15:37   0:00   2:38 
Nolan Patrick            0  1  1   1  0   3  1  0  0  0  14/16  12:35   0:00   0:00 
Pavel Buchnevich         0  0  0  -3  0   0  0  1  0  0  0/0    13:50   1:45   0:00 
Robert Hagg              0  1  1   2  0   0  2  2  0  1  0/0    17:30   2:25   0:00 
Scott Laughton           0  0  0   1  0   2  3  0  1  0  1/1    12:49   0:00   0:00 
Sean Couturier           0  1  1   1  0   1  0  1  1  0  4/14   16:22   1:45   2:38 
Travis Konecny           0  0  0   0  2   0  2  1  0  0  1/1    14:34   1:52   0:00 
Wayne Simmonds           0  0  0   0  0   2  3  0  0  1  0/2    16:28   2:07   2:42 
Zdeno Chara              0  0  0  -1  0   1  1  2  0  1  0/0    24:30   1:33   3:05 

3 Stars

1 - Jean-Gabriel Pageau (OTT)
2 - Michael Raffl (PHI)
3 - Dylan Larkin (OTT)

Power Play

Ottawa Senators - 1 on 3 Attempt(s) - 33.33%
Philadelphia Flyers - 0 on 2 Attempt(s) - 0.00%

Penalty Kill

Ottawa Senators - 2 on 2 Attempt(s) - 100.00% - Score 0 goal in Penalty Kill
Philadelphia Flyers - 2 on 3 Attempt(s) - 66.67% - Score 1 goal in Penalty Kill

Team Stat

Ottawa Senators - Hits : 27 - Faceoff Wins : 31 - Blocked Shots : 8 - Penalty Minutes : 4
Philadelphia Flyers - Hits : 26 - Faceoff Wins : 36 - Blocked Shots : 13 - Penalty Minutes : 6

Official

Referees : Chris Rooney and Trevor Hanson
Linesman : Devin Berg and Mark Wheler

Game Notes

No Game Note

Finance

Level 1 -- Attendance: 10300 (100.00%) -- Ticket Income fr. 824'000
Level 2 -- Attendance: 1603 (76.33%) -- Ticket Income fr. 104'195
Level 3 -- Attendance: 2744 (76.22%) -- Ticket Income fr. 96'040
Level 4 -- Attendance: 1275 (87.93%) -- Ticket Income fr. 25'500
Luxury Box -- Attendance: 46 (92.00%) -- Ticket Income fr. 9'200
Game was played at the Wells Fargo Center.
Total Attendance: 15968 (91.25%)
Total Ticket Income: fr. 1'058'935
Total Income: fr. 1'058'935

Ottawa Senators

5 vs 5 Forward 
   Center                   Left Wing                Right Wing               Time % Phy DF OF 
 1 Brayden Schenn           Nikita Kucherov          Mark Stone               28     0   2  3  
 2 Dylan Larkin             Brandon Saad             Christopher DiDomenico   28     0   2  3  
 3 Jean-Gabriel Pageau      Ryan Dzingel             Tyson Jost               25     0   3  2  
 4 Michael Cammalleri       Nail Yakupov             Nikita Kucherov          19     0   4  1  

5 vs 5 Defense 
   Defense                  Defense                                           Time % Phy DF OF 
 1 Erik Karlsson            Cody Ceci                                         31     0   3  2  
 2 Dion Phaneuf             Sami Vatanen                                      30     0   3  2  
 3 Thomas Chabot            Chris Wideman                                     25     0   4  1  
 4 Cody Ceci                Dion Phaneuf                                      14     0   4  1  

PowerPlay Forward 
   Center                   Left Wing                Right Wing               Time % Phy DF OF 
 1 Dylan Larkin             Nikita Kucherov          Mark Stone               50     0   0  5  
 2 Brayden Schenn           Brandon Saad             Ryan Dzingel             50     0   0  5  

PowerPlay Defense
   Defense                  Defense                                           Time % Phy DF OF 
 1 Erik Karlsson            Sami Vatanen                                      50     0   1  4  
 2 Chris Wideman            Thomas Chabot                                     50     0   1  4  

Penalty Kill 4 Players Forward 
   Center                   Wing                     Time % Phy DF OF 
 1 Jean-Gabriel Pageau      Christopher DiDomenico   50     0   5  0  
 2 Michael Cammalleri       Ryan Dzingel             50     0   5  0  

Penalty Kill 4 Players Defense
   Defense                  Defense                  Time % Phy DF OF 
 1 Dion Phaneuf             Chris Wideman            50     0   5  0  
 2 Erik Karlsson            Cody Ceci                50     0   5  0  

Penalty Kill - 3 Players Forward 
   Forward                                           Time % Phy DF OF 
 1 Michael Cammalleri                                50     0   5  0  
 2 Jean-Gabriel Pageau                               50     0   5  0  

Penalty Kill - 3 Players Defense
   Defense                  Defense                  Time % Phy DF OF 
 1 Dion Phaneuf             Cody Ceci                50     0   5  0  
 2 Chris Wideman            Sami Vatanen             50     0   5  0  

4 vs 4 Forward 
   Center                   Wing                     Time % Phy DF OF 
 1 Brayden Schenn           Nikita Kucherov          50     0   2  3  
 2 Dylan Larkin             Mark Stone               50     0   2  3  

4 vs 4 Defense
   Defense                  Defense                  Time % Phy DF OF 
 1 Erik Karlsson            Cody Ceci                50     0   2  3  
 2 Thomas Chabot            Sami Vatanen             50     0   2  3  

Last Minutes Offensive
   Center                   Left Wing                Right Wing               Defense                  Defense                  
   Brayden Schenn           Nikita Kucherov          Mark Stone               Erik Karlsson            Sami Vatanen             

Last Minutes Defensive
   Center                   Left Wing                Right Wing               Defense                  Defense                  
   Jean-Gabriel Pageau      Brandon Saad             Ryan Dzingel             Dion Phaneuf             Cody Ceci                

Goaltenders
Starting : Ben Bishop               
Backup : Andrew Hammond           

Extra Forwards
Normal : Brayden Schenn, Dylan Larkin, Nikita Kucherov - PP : Nikita Kucherov, Mark Stone - PK : Jean-Gabriel Pageau
Extra Defensemen
Normal : Sami Vatanen, Chris Wideman, Thomas Chabot - PP : Erik Karlsson - PK : Cody Ceci, Dion Phaneuf
Penalty Shots
Nikita Kucherov, Brandon Saad, Mark Stone, Brayden Schenn, Nail Yakupov
Custom OT Lines Forwards
Brayden Schenn, Dylan Larkin, Nikita Kucherov, Mark Stone, Nail Yakupov, Brandon Saad, Jean-Gabriel Pageau, Ryan Dzingel, Michael Cammalleri, Christopher DiDomenico
Custom OT Lines Defensemen
Erik Karlsson, Cody Ceci, Sami Vatanen, Dion Phaneuf, Thomas Chabot

Scratches
Charlie Coyle (Healthy), Max McCormick (Healthy), Jim O'Brien (Healthy)

Philadelphia Flyers

5 vs 5 Forward 
   Center                   Left Wing                Right Wing               Time % Phy DF OF 
 1 Claude Giroux            Jakub Voracek            Pavel Buchnevich         25     0   2  3  
 2 Sean Couturier           Travis Konecny           Wayne Simmonds           25     0   2  3  
 3 Brandon Sutter           Scott Laughton           Brian Gionta             25     0   2  2  
 4 Nolan Patrick            Jacob de la Rose         Michael Raffl            25     1   4  0  

5 vs 5 Defense 
   Defense                  Defense                                           Time % Phy DF OF 
 1 Mark Borowiecki          Zdeno Chara                                       33     1   2  2  
 2 Ivan Provorov            Brandon Manning                                   33     1   2  2  
 3 Brenden Dillon           Robert Hagg                                       33     1   2  2  
 4 Zdeno Chara              Ivan Provorov                                     1      1   2  2  

PowerPlay Forward 
   Center                   Left Wing                Right Wing               Time % Phy DF OF 
 1 Claude Giroux            Travis Konecny           Wayne Simmonds           60     0   0  5  
 2 Sean Couturier           Jakub Voracek            Pavel Buchnevich         40     0   0  5  

PowerPlay Defense
   Defense                  Defense                                           Time % Phy DF OF 
 1 Ivan Provorov            Robert Hagg                                       50     0   0  5  
 2 Zdeno Chara              Brandon Manning                                   50     0   0  5  

Penalty Kill 4 Players Forward 
   Center                   Wing                     Time % Phy DF OF 
 1 Sean Couturier           Michael Raffl            50     1   4  0  
 2 Brandon Sutter           Wayne Simmonds           50     1   4  0  

Penalty Kill 4 Players Defense
   Defense                  Defense                  Time % Phy DF OF 
 1 Zdeno Chara              Brenden Dillon           50     1   4  0  
 2 Mark Borowiecki          Ivan Provorov            50     1   4  0  

Penalty Kill - 3 Players Forward 
   Forward                                           Time % Phy DF OF 
 1 Brandon Sutter                                    50     0   5  0  
 2 Sean Couturier                                    50     0   5  0  

Penalty Kill - 3 Players Defense
   Defense                  Defense                  Time % Phy DF OF 
 1 Ivan Provorov            Brandon Manning          50     0   5  0  
 2 Zdeno Chara              Brenden Dillon           50     0   5  0  

4 vs 4 Forward 
   Center                   Wing                     Time % Phy DF OF 
 1 Brandon Sutter           Jakub Voracek            50     0   2  3  
 2 Sean Couturier           Wayne Simmonds           50     0   2  3  

4 vs 4 Defense
   Defense                  Defense                  Time % Phy DF OF 
 1 Brandon Manning          Ivan Provorov            50     1   2  2  
 2 Zdeno Chara              Robert Hagg              50     1   2  2  

Last Minutes Offensive
   Center                   Left Wing                Right Wing               Defense                  Defense                  
   Claude Giroux            Travis Konecny           Jakub Voracek            Ivan Provorov            Zdeno Chara              

Last Minutes Defensive
   Center                   Left Wing                Right Wing               Defense                  Defense                  
   Sean Couturier           Wayne Simmonds           Brandon Sutter           Zdeno Chara              Brenden Dillon           

Goaltenders
Starting : Brian Elliott            
Backup : Henrik Lundqvist         

Extra Forwards
Normal : Claude Giroux, Sean Couturier, Wayne Simmonds - PP : Claude Giroux, Jakub Voracek - PK : Brandon Sutter
Extra Defensemen
Normal : Ivan Provorov, Zdeno Chara, Brenden Dillon - PP : Ivan Provorov - PK : Zdeno Chara, Ivan Provorov
Penalty Shots
Claude Giroux, Jakub Voracek, Sean Couturier, Wayne Simmonds, Travis Konecny
Custom OT Lines Forwards
Claude Giroux, Sean Couturier, Jakub Voracek, Wayne Simmonds, Travis Konecny, Pavel Buchnevich, Brandon Sutter, Brian Gionta, Michael Raffl, Nolan Patrick
Custom OT Lines Defensemen
Zdeno Chara, Ivan Provorov, Brenden Dillon, Brandon Manning, Robert Hagg

Scratches
Jordan Weal (Healthy), Ryan McDonagh (Abdominal Strain Injury), Alex Lyon (Healthy)

% Time on Ice - Ottawa Senators

Lines # - Real PCT - Wanted PCT - Time Play
Normal Forward
1 - 26% - 28% - 12:49
2 - 29% - 28% - 14:37
3 - 26% - 25% - 12:59
4 - 18% - 19% - 9:10
Normal Defense
1 - 31% - 31% - 15:34
2 - 32% - 30% - 15:46
3 - 26% - 25% - 12:51
4 - 11% - 14% - 5:24
PP Forward
1 - 56% - 50% - 3:00
2 - 44% - 50% - 2:20
PP Defense
1 - 53% - 50% - 2:50
2 - 47% - 50% - 2:30
PK Forward
1 - 52% - 50% - 2:03
2 - 48% - 50% - 1:55
PK Defense
1 - 57% - 50% - 2:16
2 - 43% - 50% - 1:42
PK3 Forward
1 - 0% - 50%
2 - 0% - 50%
PK3 Defense
1 - 0% - 50%
2 - 0% - 50%
44 Forward
1 - 0% - 50%
2 - 0% - 50%
44 Defense
1 - 0% - 50%
2 - 0% - 50%
Last Minute Offensive  - 0:00
Last Minute Defensive  - 1:07
Total
Forward - 60:00
Defense - 60:00

% Time on Ice - Philadelphia Flyers

Lines # - Real PCT - Wanted PCT - Time Play
Normal Forward
1 - 25% - 25% - 12:36
2 - 23% - 25% - 11:35
3 - 26% - 25% - 12:49
4 - 25% - 25% - 12:35
Normal Defense
1 - 31% - 33% - 15:34
2 - 31% - 33% - 15:36
3 - 32% - 33% - 15:45
4 - 5% - 1% - 2:40
PP Forward
1 - 56% - 60% - 2:13
2 - 44% - 40% - 1:45
PP Defense
1 - 61% - 50% - 2:25
2 - 39% - 50% - 1:33
PK Forward
1 - 49% - 50% - 2:38
2 - 51% - 50% - 2:42
PK Defense
1 - 49% - 50% - 2:38
2 - 51% - 50% - 2:42
PK3 Forward
1 - 0% - 50%
2 - 0% - 50%
PK3 Defense
1 - 0% - 50%
2 - 0% - 50%
44 Forward
1 - 0% - 50%
2 - 0% - 50%
44 Defense
1 - 0% - 50%
2 - 0% - 50%
Last Minute Offensive  - 1:07
Last Minute Defensive  - 0:00
Total
Forward - 60:00
Defense - 60:00

Play-by-Play

1st period


0:01 of 1st period - Claude Giroux wins face-off versus Brayden Schenn in neutral zone.
0:04 of 1st period - Slapshot by Pavel Buchnevich.
0:04 of 1st period - Shot Misses the Net.
0:06 of 1st period - Wrist shot by Mark Borowiecki.
0:06 of 1st period - Deflect By Claude Giroux.
0:06 of 1st period - Stopped by Ben Bishop with a rebound.
1:26 of 1st period - Snap shot by Brandon Saad.
1:26 of 1st period - Stopped by Brian Elliott without a rebound.
1:27 of 1st period - Dylan Larkin wins face-off versus Claude Giroux in Philadelphia Flyers zone.
1:36 of 1st period - Snap shot by Brandon Saad.
1:36 of 1st period - Shot Misses the Net.
1:52 of 1st period - Jean-Gabriel Pageau is hit by Scott Laughton.
2:20 of 1st period - Snap shot by Nolan Patrick.
2:20 of 1st period - Stopped by Ben Bishop without a rebound.
2:21 of 1st period - Sean Couturier wins face-off versus Jean-Gabriel Pageau in Ottawa Senators zone.
2:31 of 1st period - Backhand shot by Tyson Jost.
2:31 of 1st period - Shot Misses the Net.
2:33 of 1st period - Snap shot by Jean-Gabriel Pageau.
2:33 of 1st period - Deflect By Ryan Dzingel.
2:33 of 1st period - Shot Misses the Net.
2:33 of 1st period - Puck is out of play.
2:34 of 1st period - Nolan Patrick wins face-off versus Michael Cammalleri in Philadelphia Flyers zone.
3:06 of 1st period - Slapshot by Ivan Provorov.
3:06 of 1st period - Deflect By Dylan Larkin.
3:06 of 1st period - Stopped by Ben Bishop without a rebound.
3:07 of 1st period - Brandon Sutter wins face-off versus Brayden Schenn in Ottawa Senators zone.
3:08 of 1st period - Snap shot by Ivan Provorov.
3:08 of 1st period - Shot Misses the Net.
3:26 of 1st period - Erik Karlsson is hit by Ivan Provorov and loses puck.
4:02 of 1st period - Slapshot by Brandon Sutter.
4:02 of 1st period - Shot Blocked by Cody Ceci.
4:44 of 1st period - Slapshot by Nikita Kucherov.
4:44 of 1st period - Shot Misses the Net.
5:38 of 1st period - Backhand shot by Nikita Kucherov.
5:38 of 1st period - Stopped by Brian Elliott without a rebound.
5:39 of 1st period - Claude Giroux wins face-off versus Jean-Gabriel Pageau in Philadelphia Flyers zone.
5:54 of 1st period - Wrist shot by Pavel Buchnevich.
5:54 of 1st period - Shot Misses the Net.
6:04 of 1st period - Sean Couturier is hit by Chris Wideman and loses puck.
6:28 of 1st period - Icing by Thomas Chabot.
6:29 of 1st period - Nolan Patrick wins face-off versus Dylan Larkin in Ottawa Senators zone.
6:32 of 1st period - Slapshot by Michael Raffl.
6:32 of 1st period - Goal by Michael Raffl - Ottawa Senators : 0 - Philadelphia Flyers : 1.
6:33 of 1st period - Nolan Patrick wins face-off versus Jean-Gabriel Pageau in neutral zone.
6:46 of 1st period - Slapshot by Ryan Dzingel.
6:46 of 1st period - Shot Blocked by Robert Hagg.
7:06 of 1st period - Wrist shot by Dylan Larkin.
7:06 of 1st period - Stopped by Brian Elliott without a rebound.
7:07 of 1st period - Travis Konecny wins face-off versus Dylan Larkin in Philadelphia Flyers zone.
7:07 of 1st period - Travis Konecny is hit by Thomas Chabot.
7:19 of 1st period - Snap shot by Travis Konecny.
7:19 of 1st period - Shot Hit the Post.
7:22 of 1st period - Icing by Chris Wideman.
7:23 of 1st period - Dylan Larkin wins face-off versus Claude Giroux in Ottawa Senators zone.
7:28 of 1st period - Zdeno Chara is hit by Thomas Chabot and loses puck.
7:53 of 1st period - Backhand shot by Christopher DiDomenico.
7:53 of 1st period - Stopped by Brian Elliott without a rebound.
7:54 of 1st period - Nolan Patrick wins face-off versus Michael Cammalleri in Philadelphia Flyers zone.
7:54 of 1st period - Nolan Patrick is hit by Sami Vatanen.
8:18 of 1st period - Sean Couturier is hit by Tyson Jost and loses puck.
8:41 of 1st period - Snap shot by Jakub Voracek.
8:41 of 1st period - Stopped by Ben Bishop without a rebound.
8:42 of 1st period - Nolan Patrick wins face-off versus Brayden Schenn in Ottawa Senators zone.
9:46 of 1st period - Minor Penalty to Christopher DiDomenico for High sticking.
9:47 of 1st period - Michael Cammalleri wins face-off versus Claude Giroux in Ottawa Senators zone.
9:47 of 1st period - Ryan Dzingel is hit by Claude Giroux and loses puck.
10:45 of 1st period - Wrist shot by Jean-Gabriel Pageau.
10:45 of 1st period - Shot Misses the Net.
11:46 of 1st period - Penalty to Christopher DiDomenico is over, Christopher DiDomenico is back on ice.
11:58 of 1st period - Slapshot by Brian Gionta.
11:58 of 1st period - Stopped by Ben Bishop without a rebound.
11:59 of 1st period - Michael Cammalleri wins face-off versus Brandon Sutter in Ottawa Senators zone.
11:59 of 1st period - Michael Cammalleri is hit by Scott Laughton.
13:10 of 1st period - Snap shot by Brandon Saad.
13:10 of 1st period - Shot Misses the Net.
13:12 of 1st period - Slapshot by Sami Vatanen.
13:12 of 1st period - Stopped by Brian Elliott with a rebound.
13:26 of 1st period - Mark Stone is hit by Mark Borowiecki and loses puck.
13:49 of 1st period - Zdeno Chara is hit by Nikita Kucherov.
16:26 of 1st period - Erik Karlsson is hit by Brenden Dillon and loses puck.
16:43 of 1st period - Mark Stone is hit by Travis Konecny and loses puck.
16:50 of 1st period - Sean Couturier is hit by Dylan Larkin.
16:54 of 1st period - Sami Vatanen is hit by Travis Konecny and loses puck.
17:10 of 1st period - Sami Vatanen is hit by Nolan Patrick and loses puck.
17:27 of 1st period - Brandon Saad is hit by Jakub Voracek and loses puck.
17:32 of 1st period - Snap shot by Jakub Voracek.
17:32 of 1st period - Stopped by Ben Bishop with a rebound.
17:42 of 1st period - Wrist shot by Sean Couturier.
17:42 of 1st period - Stopped by Ben Bishop without a rebound.
17:43 of 1st period - Jean-Gabriel Pageau wins face-off versus Sean Couturier in Ottawa Senators zone.
17:48 of 1st period - Claude Giroux is hit by Jean-Gabriel Pageau and loses puck.
17:53 of 1st period - Wrist shot by Jean-Gabriel Pageau.
17:53 of 1st period - Shot Blocked by Brian Gionta.
19:35 of 1st period - Christopher DiDomenico is hit by Wayne Simmonds and loses puck.
Goals for this period are 0 for Ottawa Senators vs 1 for Philadelphia Flyers.
Shots for this period are 5 for Ottawa Senators vs 8 for Philadelphia Flyers.

2nd period


0:01 of 2nd period - Nolan Patrick wins face-off versus Michael Cammalleri in neutral zone.
0:10 of 2nd period - Slapshot by Ivan Provorov.
0:10 of 2nd period - Stopped by Ben Bishop without a rebound.
0:11 of 2nd period - Jean-Gabriel Pageau wins face-off versus Claude Giroux in Ottawa Senators zone.
0:23 of 2nd period - Snap shot by Jakub Voracek.
0:23 of 2nd period - Stopped by Ben Bishop without a rebound.
0:24 of 2nd period - Nolan Patrick wins face-off versus Dylan Larkin in Ottawa Senators zone.
0:45 of 2nd period - Minor Penalty to Brandon Manning for Holding.
0:46 of 2nd period - Dylan Larkin wins face-off versus Sean Couturier in Philadelphia Flyers zone.
0:59 of 2nd period - Snap shot by Mark Stone.
0:59 of 2nd period - Stopped by Brian Elliott without a rebound.
1:00 of 2nd period - Brayden Schenn wins face-off versus Michael Raffl in Philadelphia Flyers zone.
1:33 of 2nd period - Slapshot by Nikita Kucherov.
1:33 of 2nd period - Shot Blocked by Brenden Dillon.
1:35 of 2nd period - Slapshot by Thomas Chabot.
1:35 of 2nd period - Shot Blocked by Brenden Dillon.
1:37 of 2nd period - Wrist shot by Mark Stone.
1:37 of 2nd period - Shot Misses the Net.
1:39 of 2nd period - Wrist shot by Dylan Larkin.
1:39 of 2nd period - Stopped by Brian Elliott without a rebound.
1:40 of 2nd period - Dylan Larkin wins face-off versus Sean Couturier in Philadelphia Flyers zone.
2:45 of 2nd period - Penalty to Brandon Manning is over, Brandon Manning is back on ice.
3:23 of 2nd period - Snap shot by Jakub Voracek.
3:23 of 2nd period - Stopped by Ben Bishop without a rebound.
3:24 of 2nd period - Brandon Sutter wins face-off versus Dylan Larkin in Ottawa Senators zone.
3:33 of 2nd period - Snap shot by Brandon Sutter.
3:33 of 2nd period - Shot Blocked by Christopher DiDomenico.
3:35 of 2nd period - Slapshot by Brandon Sutter.
3:35 of 2nd period - Shot Misses the Net.
3:37 of 2nd period - Wrist shot by Scott Laughton.
3:37 of 2nd period - Deflect By Brandon Sutter.
3:37 of 2nd period - Shot Misses the Net.
3:37 of 2nd period - Puck is out of play.
3:38 of 2nd period - Claude Giroux wins face-off versus Mark Stone in Ottawa Senators zone.
4:06 of 2nd period - Snap shot by Nikita Kucherov.
4:06 of 2nd period - Stopped by Brian Elliott without a rebound.
4:07 of 2nd period - Dylan Larkin wins face-off versus Wayne Simmonds in Philadelphia Flyers zone.
4:10 of 2nd period - Snap shot by Dylan Larkin.
4:10 of 2nd period - Stopped by Brian Elliott without a rebound.
4:11 of 2nd period - Sean Couturier wins face-off versus Dylan Larkin in Philadelphia Flyers zone.
4:11 of 2nd period - Sean Couturier is hit by Christopher DiDomenico.
5:29 of 2nd period - Mark Stone is hit by Ivan Provorov and loses puck.
5:36 of 2nd period - Jakub Voracek is hit by Mark Stone and loses puck.
5:57 of 2nd period - Wrist shot by Wayne Simmonds.
5:57 of 2nd period - Stopped by Ben Bishop with a rebound.
6:42 of 2nd period - Scott Laughton is hit by Mark Stone and loses puck.
7:05 of 2nd period - Robert Hagg is hit by Jean-Gabriel Pageau.
8:39 of 2nd period - Snap shot by Sean Couturier.
8:39 of 2nd period - Shot Misses the Net.
8:53 of 2nd period - Robert Hagg is hit by Brayden Schenn and loses puck.
10:39 of 2nd period - Travis Konecny is hit by Brandon Saad and loses puck.
10:59 of 2nd period - Michael Cammalleri is hit by Brandon Sutter and loses puck.
11:25 of 2nd period - Erik Karlsson is hit by Zdeno Chara and loses puck.
11:47 of 2nd period - Sean Couturier is hit by Dion Phaneuf and loses puck.
12:01 of 2nd period - Icing by Wayne Simmonds.
12:02 of 2nd period - Michael Cammalleri wins face-off versus Sean Couturier in Philadelphia Flyers zone.
12:07 of 2nd period - Wrist shot by Ryan Dzingel.
12:07 of 2nd period - Stopped by Brian Elliott with a rebound.
12:09 of 2nd period - Slapshot by Thomas Chabot.
12:09 of 2nd period - Stopped by Brian Elliott with a rebound.
12:23 of 2nd period - Brandon Sutter is hit by Cody Ceci and loses puck.
12:42 of 2nd period - Nikita Kucherov is hit by Michael Raffl and loses puck.
12:57 of 2nd period - Brenden Dillon is hit by Cody Ceci and loses puck.
13:06 of 2nd period - Nikita Kucherov is hit by Jacob de la Rose and loses puck.
13:20 of 2nd period - Brayden Schenn is hit by Jacob de la Rose and loses puck.
13:31 of 2nd period - Wrist shot by Nolan Patrick.
13:31 of 2nd period - Stopped by Ben Bishop with a rebound.
13:33 of 2nd period - Slapshot by Brandon Manning.
13:33 of 2nd period - Shot Misses the Net.
13:51 of 2nd period - Snap shot by Nikita Kucherov.
13:51 of 2nd period - Stopped by Brian Elliott without a rebound.
13:52 of 2nd period - Claude Giroux wins face-off versus Dylan Larkin in Philadelphia Flyers zone.
13:52 of 2nd period - Claude Giroux is hit by Dylan Larkin.
14:01 of 2nd period - Slapshot by Dylan Larkin.
14:01 of 2nd period - Shot Misses the Net.
14:03 of 2nd period - Wrist shot by Christopher DiDomenico.
14:03 of 2nd period - Shot Misses the Net.
14:05 of 2nd period - Snap shot by Christopher DiDomenico.
14:05 of 2nd period - Stopped by Brian Elliott without a rebound.
14:06 of 2nd period - Jean-Gabriel Pageau wins face-off versus Sean Couturier in Philadelphia Flyers zone.
14:09 of 2nd period - Wrist shot by Ryan Dzingel.
14:09 of 2nd period - Shot Misses the Net.
14:51 of 2nd period - Backhand shot by Claude Giroux.
14:51 of 2nd period - Deflect By Jakub Voracek.
14:51 of 2nd period - Stopped by Ben Bishop with a rebound.
15:40 of 2nd period - Dylan Larkin is hit by Mark Borowiecki and loses puck.
15:51 of 2nd period - Brenden Dillon is hit by Nikita Kucherov and loses puck.
16:12 of 2nd period - Cody Ceci is hit by Scott Laughton and loses puck.
16:40 of 2nd period - Minor Penalty to Mark Borowiecki for Boarding.
16:41 of 2nd period - Sean Couturier wins face-off versus Brayden Schenn in Philadelphia Flyers zone.
17:14 of 2nd period - Icing by Nikita Kucherov.
17:15 of 2nd period - Dylan Larkin wins face-off versus Brandon Sutter in Ottawa Senators zone.
17:46 of 2nd period - Slapshot by Sean Couturier.
17:46 of 2nd period - Shot Misses the Net.
18:00 of 2nd period - Snap shot by Dylan Larkin.
18:00 of 2nd period - Shot Misses the Net.
18:02 of 2nd period - Snap shot by Dylan Larkin.
18:02 of 2nd period - Goal by Dylan Larkin - Ottawa Senators : 1 - Philadelphia Flyers : 1.
18:03 of 2nd period - Brandon Sutter wins face-off versus Jean-Gabriel Pageau in neutral zone.
18:51 of 2nd period - Nikita Kucherov is hit by Robert Hagg and loses puck.
18:58 of 2nd period - Wrist shot by Claude Giroux.
18:58 of 2nd period - Stopped by Ben Bishop without a rebound.
18:59 of 2nd period - Nolan Patrick wins face-off versus Jean-Gabriel Pageau in Ottawa Senators zone.
19:26 of 2nd period - Wayne Simmonds is hit by Brandon Saad and loses puck.
19:35 of 2nd period - Wrist shot by Wayne Simmonds.
19:35 of 2nd period - Stopped by Ben Bishop without a rebound.
19:36 of 2nd period - Brandon Sutter wins face-off versus Brayden Schenn in Ottawa Senators zone.
Goals for this period are 1 for Ottawa Senators vs 0 for Philadelphia Flyers.
Shots for this period are 9 for Ottawa Senators vs 8 for Philadelphia Flyers.

3rd period


0:01 of 3rd period - Dylan Larkin wins face-off versus Sean Couturier in neutral zone.
0:04 of 3rd period - Slapshot by Cody Ceci.
0:04 of 3rd period - Shot Misses the Net.
0:06 of 3rd period - Slapshot by Dylan Larkin.
0:06 of 3rd period - Shot Misses the Net.
0:08 of 3rd period - Wrist shot by Cody Ceci.
0:08 of 3rd period - Deflect By Wayne Simmonds.
0:08 of 3rd period - Stopped by Brian Elliott without a rebound.
0:09 of 3rd period - Dylan Larkin wins face-off versus Sean Couturier in Philadelphia Flyers zone.
0:38 of 3rd period - Slapshot by Brandon Saad.
0:38 of 3rd period - Stopped by Brian Elliott without a rebound.
0:39 of 3rd period - Claude Giroux wins face-off versus Mark Stone in Philadelphia Flyers zone.
0:39 of 3rd period - Claude Giroux is hit by Chris Wideman.
0:53 of 3rd period - Snap shot by Nikita Kucherov.
0:53 of 3rd period - Stopped by Brian Elliott without a rebound.
0:54 of 3rd period - Brandon Sutter wins face-off versus Dylan Larkin in Philadelphia Flyers zone.
1:26 of 3rd period - Wrist shot by Michael Cammalleri.
1:26 of 3rd period - Deflect By Nikita Kucherov.
1:26 of 3rd period - Goal by Nikita Kucherov - Ottawa Senators : 2 - Philadelphia Flyers : 1.
1:27 of 3rd period - Nolan Patrick wins face-off versus Mark Stone in neutral zone.
1:41 of 3rd period - Off-side.
1:42 of 3rd period - Jean-Gabriel Pageau wins face-off versus Claude Giroux in neutral zone.
1:45 of 3rd period - Snap shot by Ryan Dzingel.
1:45 of 3rd period - Shot Misses the Net.
1:47 of 3rd period - Wrist shot by Ryan Dzingel.
1:47 of 3rd period - Stopped by Brian Elliott with a rebound.
1:49 of 3rd period - Slapshot by Dion Phaneuf.
1:49 of 3rd period - Stopped by Brian Elliott without a rebound.
1:50 of 3rd period - Claude Giroux wins face-off versus Jean-Gabriel Pageau in Philadelphia Flyers zone.
2:04 of 3rd period - Icing by Dion Phaneuf.
2:05 of 3rd period - Jean-Gabriel Pageau wins face-off versus Brandon Sutter in Ottawa Senators zone.
2:12 of 3rd period - Scott Laughton is hit by Ryan Dzingel.
2:18 of 3rd period - Snap shot by Ryan Dzingel.
2:18 of 3rd period - Stopped by Brian Elliott with a rebound.
2:20 of 3rd period - Snap shot by Jean-Gabriel Pageau.
2:20 of 3rd period - Shot Misses the Net.
2:32 of 3rd period - Slapshot by Sami Vatanen.
2:32 of 3rd period - Stopped by Brian Elliott with a rebound.
2:34 of 3rd period - Slapshot by Ryan Dzingel.
2:34 of 3rd period - Stopped by Brian Elliott with a rebound.
2:36 of 3rd period - Snap shot by Tyson Jost.
2:36 of 3rd period - Stopped by Brian Elliott with a rebound.
2:38 of 3rd period - Snap shot by Dion Phaneuf.
2:38 of 3rd period - Deflect By Tyson Jost.
2:38 of 3rd period - Stopped by Brian Elliott with a rebound.
2:40 of 3rd period - Slapshot by Dion Phaneuf.
2:40 of 3rd period - Stopped by Brian Elliott with a rebound.
2:44 of 3rd period - Slapshot by Ryan Dzingel.
2:44 of 3rd period - Deflect By Jean-Gabriel Pageau.
2:44 of 3rd period - Goal by Jean-Gabriel Pageau - Ottawa Senators : 3 - Philadelphia Flyers : 1.
2:45 of 3rd period - Nolan Patrick wins face-off versus Dylan Larkin in neutral zone.
2:51 of 3rd period - Erik Karlsson is hit by Michael Raffl and loses puck.
3:45 of 3rd period - Slapshot by Brandon Sutter.
3:45 of 3rd period - Shot Misses the Net.
4:06 of 3rd period - Icing by Dylan Larkin.
4:07 of 3rd period - Sean Couturier wins face-off versus Dylan Larkin in Ottawa Senators zone.
4:16 of 3rd period - Travis Konecny is hit by Dylan Larkin.
4:30 of 3rd period - Wrist shot by Brandon Saad.
4:30 of 3rd period - Shot Blocked by Sean Couturier.
4:32 of 3rd period - Snap shot by Brandon Saad.
4:32 of 3rd period - Stopped by Brian Elliott without a rebound.
4:33 of 3rd period - Nolan Patrick wins face-off versus Brayden Schenn in Philadelphia Flyers zone.
4:40 of 3rd period - Mark Stone is hit by Jacob de la Rose and loses puck.
4:47 of 3rd period - Wrist shot by Nolan Patrick.
4:47 of 3rd period - Stopped by Ben Bishop with a rebound.
4:57 of 3rd period - Robert Hagg is hit by Cody Ceci and loses puck.
5:35 of 3rd period - Off-side.
5:36 of 3rd period - Brandon Sutter wins face-off versus Jean-Gabriel Pageau in neutral zone.
5:39 of 3rd period - Snap shot by Scott Laughton.
5:39 of 3rd period - Shot Misses the Net.
5:41 of 3rd period - Snap shot by Scott Laughton.
5:41 of 3rd period - Stopped by Ben Bishop with a rebound.
5:43 of 3rd period - Wrist shot by Brian Gionta.
5:43 of 3rd period - Shot Misses the Net.
6:00 of 3rd period - Icing by Brian Gionta.
6:01 of 3rd period - Brandon Sutter wins face-off versus Nail Yakupov in Philadelphia Flyers zone.
6:36 of 3rd period - Slapshot by Brian Gionta.
6:36 of 3rd period - Stopped by Ben Bishop without a rebound.
6:37 of 3rd period - Nolan Patrick wins face-off versus Jean-Gabriel Pageau in Ottawa Senators zone.
6:44 of 3rd period - Snap shot by Jacob de la Rose.
6:44 of 3rd period - Shot Blocked by Tyson Jost.
7:02 of 3rd period - Brenden Dillon is hit by Dylan Larkin and loses puck.
7:42 of 3rd period - Wrist shot by Jean-Gabriel Pageau.
7:42 of 3rd period - Deflect By Tyson Jost.
7:42 of 3rd period - Shot Blocked by Jacob de la Rose.
7:42 of 3rd period - Puck is out of play.
7:43 of 3rd period - Jean-Gabriel Pageau wins face-off versus Nolan Patrick in Philadelphia Flyers zone.
7:46 of 3rd period - Snap shot by Jean-Gabriel Pageau.
7:46 of 3rd period - Shot Misses the Net.
8:15 of 3rd period - Off-side.
8:16 of 3rd period - Brayden Schenn wins face-off versus Sean Couturier in neutral zone.
8:43 of 3rd period - Christopher DiDomenico is hit by Robert Hagg and loses puck.
9:08 of 3rd period - Wrist shot by Ryan Dzingel.
9:08 of 3rd period - Stopped by Brian Elliott with a rebound.
9:10 of 3rd period - Slapshot by Cody Ceci.
9:10 of 3rd period - Shot Blocked by Robert Hagg.
9:24 of 3rd period - Slapshot by Brandon Sutter.
9:24 of 3rd period - Stopped by Ben Bishop with a rebound.
9:26 of 3rd period - Slapshot by Robert Hagg.
9:26 of 3rd period - Deflect By Brandon Sutter.
9:26 of 3rd period - Shot Blocked by Cody Ceci.
9:26 of 3rd period - Puck is out of play.
9:27 of 3rd period - Dylan Larkin wins face-off versus Sean Couturier in Ottawa Senators zone.
9:39 of 3rd period - Brandon Saad is hit by Wayne Simmonds and loses puck.
9:57 of 3rd period - Icing by Jakub Voracek.
9:58 of 3rd period - Brayden Schenn wins face-off versus Claude Giroux in Philadelphia Flyers zone.
10:09 of 3rd period - Slapshot by Mark Stone.
10:09 of 3rd period - Shot Blocked by Pavel Buchnevich.
10:11 of 3rd period - Snap shot by Nikita Kucherov.
10:11 of 3rd period - Stopped by Brian Elliott with a rebound.
10:13 of 3rd period - Wrist shot by Mark Stone.
10:13 of 3rd period - Shot Misses the Net.
10:29 of 3rd period - Wrist shot by Michael Raffl.
10:29 of 3rd period - Shot Misses the Net.
10:45 of 3rd period - Slapshot by Wayne Simmonds.
10:45 of 3rd period - Shot Misses the Net.
10:47 of 3rd period - Slapshot by Ivan Provorov.
10:47 of 3rd period - Stopped by Ben Bishop without a rebound.
10:48 of 3rd period - Jean-Gabriel Pageau wins face-off versus Sean Couturier in Ottawa Senators zone.
10:48 of 3rd period - Jean-Gabriel Pageau is hit by Wayne Simmonds.
10:55 of 3rd period - Minor Penalty to Travis Konecny for Roughing.
10:56 of 3rd period - Brayden Schenn wins face-off versus Wayne Simmonds in Philadelphia Flyers zone.
11:26 of 3rd period - Slapshot by Zdeno Chara.
11:26 of 3rd period - Stopped by Ben Bishop with a rebound.
11:28 of 3rd period - Slapshot by Ivan Provorov.
11:28 of 3rd period - Shot Blocked by Thomas Chabot.
11:30 of 3rd period - Wrist shot by Sean Couturier.
11:30 of 3rd period - Deflect By Michael Raffl.
11:30 of 3rd period - Goal by Michael Raffl - Ottawa Senators : 3 - Philadelphia Flyers : 2.
11:31 of 3rd period - Brayden Schenn wins face-off versus Brandon Sutter in neutral zone.
12:55 of 3rd period - Penalty to Travis Konecny is over, Travis Konecny is back on ice.
13:02 of 3rd period - Snap shot by Claude Giroux.
13:02 of 3rd period - Stopped by Ben Bishop with a rebound.
13:04 of 3rd period - Slapshot by Jakub Voracek.
13:04 of 3rd period - Shot Blocked by Nikita Kucherov.
13:06 of 3rd period - Snap shot by Claude Giroux.
13:06 of 3rd period - Stopped by Ben Bishop with a rebound.
13:08 of 3rd period - Slapshot by Ivan Provorov.
13:08 of 3rd period - Deflect By Claude Giroux.
13:08 of 3rd period - Stopped by Ben Bishop without a rebound.
13:09 of 3rd period - Jean-Gabriel Pageau wins face-off versus Claude Giroux in Ottawa Senators zone.
13:14 of 3rd period - Wrist shot by Ryan Dzingel.
13:14 of 3rd period - Shot Blocked by Claude Giroux.
13:16 of 3rd period - Snap shot by Ryan Dzingel.
13:16 of 3rd period - Shot Hit the Post.
13:18 of 3rd period - Slapshot by Cody Ceci.
13:18 of 3rd period - Deflect By Jean-Gabriel Pageau.
13:18 of 3rd period - Deflect By Claude Giroux.
13:18 of 3rd period - Goal by Jean-Gabriel Pageau - Ottawa Senators : 4 - Philadelphia Flyers : 2.
13:19 of 3rd period - Nolan Patrick wins face-off versus Brayden Schenn in neutral zone.
13:25 of 3rd period - Minor Penalty to Dion Phaneuf for Hooking.
13:26 of 3rd period - Michael Cammalleri wins face-off versus Claude Giroux in Ottawa Senators zone.
15:25 of 3rd period - Penalty to Dion Phaneuf is over, Dion Phaneuf is back on ice.
15:38 of 3rd period - Jacob de la Rose is hit by Nikita Kucherov and loses puck.
15:42 of 3rd period - Icing by Brandon Manning.
15:43 of 3rd period - Nolan Patrick wins face-off versus Dylan Larkin in Philadelphia Flyers zone.
15:54 of 3rd period - Snap shot by Zdeno Chara.
15:54 of 3rd period - Shot Blocked by Brandon Saad.
15:56 of 3rd period - Slapshot by Brandon Manning.
15:56 of 3rd period - Stopped by Ben Bishop without a rebound.
15:57 of 3rd period - Michael Cammalleri wins face-off versus Brandon Sutter in Ottawa Senators zone.
16:04 of 3rd period - Wrist shot by Brandon Sutter.
16:04 of 3rd period - Goal by Brandon Sutter - Ottawa Senators : 4 - Philadelphia Flyers : 3.
16:05 of 3rd period - Scott Laughton wins face-off versus Michael Cammalleri in neutral zone.
16:08 of 3rd period - Slapshot by Brian Gionta.
16:08 of 3rd period - Deflect By Scott Laughton.
16:08 of 3rd period - Stopped by Ben Bishop with a rebound.
16:10 of 3rd period - Slapshot by Brandon Sutter.
16:10 of 3rd period - Shot Blocked by Cody Ceci.
16:12 of 3rd period - Wrist shot by Mark Borowiecki.
16:12 of 3rd period - Stopped by Ben Bishop without a rebound.
16:13 of 3rd period - Brandon Sutter wins face-off versus Nail Yakupov in Ottawa Senators zone.
16:24 of 3rd period - Wrist shot by Scott Laughton.
16:24 of 3rd period - Deflect By Brandon Sutter.
16:24 of 3rd period - Shot Misses the Net.
16:24 of 3rd period - Puck is out of play.
16:25 of 3rd period - Michael Cammalleri wins face-off versus Nolan Patrick in Ottawa Senators zone.
16:30 of 3rd period - Brenden Dillon is hit by Michael Cammalleri and loses puck.
16:49 of 3rd period - Cody Ceci is hit by Brenden Dillon and loses puck.
17:00 of 3rd period - Snap shot by Brandon Sutter.
17:00 of 3rd period - Stopped by Ben Bishop with a rebound.
17:35 of 3rd period - Off-side.
17:36 of 3rd period - Brandon Sutter wins face-off versus Michael Cammalleri in neutral zone.
17:50 of 3rd period - Slapshot by Brenden Dillon.
17:50 of 3rd period - Goal by Brenden Dillon - Ottawa Senators : 4 - Philadelphia Flyers : 4.
17:51 of 3rd period - Michael Cammalleri wins face-off versus Michael Raffl in neutral zone.
18:22 of 3rd period - Snap shot by Erik Karlsson.
18:22 of 3rd period - Shot Blocked by Brenden Dillon.
18:36 of 3rd period - Slapshot by Cody Ceci.
18:36 of 3rd period - Stopped by Brian Elliott without a rebound.
18:37 of 3rd period - Dylan Larkin wins face-off versus Claude Giroux in Philadelphia Flyers zone.
18:50 of 3rd period - Slapshot by Brandon Saad.
18:50 of 3rd period - Stopped by Brian Elliott with a rebound.
18:52 of 3rd period - Slapshot by Christopher DiDomenico.
18:52 of 3rd period - Goal by Christopher DiDomenico - Ottawa Senators : 5 - Philadelphia Flyers : 4.
18:53 of 3rd period - Claude Giroux wins face-off versus Jean-Gabriel Pageau in neutral zone.
19:06 of 3rd period - Snap shot by Ryan Dzingel.
19:06 of 3rd period - Shot Misses the Net.
19:12 of 3rd period - Snap shot by Dion Phaneuf.
19:12 of 3rd period - Shot Blocked by Travis Konecny.
19:38 of 3rd period - Snap shot by Ryan Dzingel.
19:38 of 3rd period - Shot Blocked by Zdeno Chara.
19:40 of 3rd period - Snap shot by Ryan Dzingel.
19:40 of 3rd period - Shot Hit the Post.
19:54 of 3rd period - Snap shot by Ryan Dzingel.
19:54 of 3rd period - Shot Blocked by Zdeno Chara.
19:56 of 3rd period - Snap shot by Cody Ceci.
19:56 of 3rd period - Stopped by Brian Elliott without a rebound.
19:57 of 3rd period - Dave Hakstol call a timeout for Philadelphia Flyers.
19:57 of 3rd period - Jean-Gabriel Pageau wins face-off versus Claude Giroux in Philadelphia Flyers zone.
Goals for this period are 4 for Ottawa Senators vs 3 for Philadelphia Flyers.
Shots for this period are 21 for Ottawa Senators vs 16 for Philadelphia Flyers.